[Event "Titled Tuesday Blitz February 15 Late 2022"]
[White "Holt, Conrad"]
[Black "Niemann, Hans Moke"]
[WhiteFideId "2034387"]
[BlackFideId "2093596"]
[WhiteElo "2586"]
[BlackElo "2636"]
[Result "0-1"]
[Round "08"]
[TimeControl "180+1"]
[Date "2022.02.15"]
[WhiteClock "0:00:02"]
[BlackClock "0:00:17"]

1. d4 Nf6 2. c4 g6 3. Nc3 Bg7 4. e4 d6 5. Nf3 O-O 6. h3 Nbd7 7. Bd3 e5 8. O-O h6 9. Re1 Re8 10. Be3 exd4 11. Bxd4 Ne5 12. Be2 Nc6 13. Bxf6 Bxf6 14. Qd2 Bg7 15. Rad1 Be6 16. Nd5 a5 17. Bf1 a4 18. Nf4 Bd7 19. c5 Ne5 20. Nxe5 Bxe5 21. Nd3 Bg7 22. cxd6 cxd6 23. Qb4 Bc6 24. e5 Bf8 25. exd6 Qxd6 26. Qxd6 Bxd6 27. g3 a3 28. Rxe8+ Bxe8 29. bxa3 Rxa3 30. Bg2 Ba4 31. Rd2 b6 32. Bd5 Kg7 33. Kg2 Bb5 34. Nc1 Be5 35. Bb3 Bc6+ 36. Kf1 Ra8 37. Rc2 Bf3 38. Nd3 Rd8 39. Ne1 Bb7 40. Rc1 Rd2 41. Bc4 Bd4 42. Rc2 Rd1 43. Ke2 Ra1 44. Nf3 Bc5 45. Ne5 Rh1 46. h4 Rh2 47. Nd3 Bd4 48. Ke1 Be4 49. Kf1 Bf3 50. Ke1 Rh1+ 51. Kd2 Rd1# 0-1


[Site "https://www.chess.com"]

[Event "Titled Tuesday Blitz February 15 Late 2022"]
[White "Iljin, Timofey"]
[Black "Sargsyan, Anna M."]
[WhiteFideId "14110180"]
[BlackFideId "13308130"]
[WhiteElo "2396"]
[BlackElo "2271"]
[Result "1-0"]
[Round "08"]
[TimeControl "180+1"]
[Date "2022.02.16"]
[WhiteClock "0:00:30"]
[BlackClock "0:01:11"]

1. d4 d5 2. c4 c6 3. Nc3 Nf6 4. Nf3 dxc4 5. a4 Bf5 6. Nh4 e6 7. Nxf5 exf5 8. e3 Bd6 9. Bxc4 O-O 10. O-O Nbd7 11. f3 c5 12. Kh1 cxd4 13. Qxd4 Be5 14. Qh4 Rc8 15. Rd1 Qc7 16. Ba2 Rfe8 17. Bd2 Nf8 18. Rac1 Ng6 19. Qh3 Qb8 20. Qxf5 Bxh2 21. f4 Bg3 22. Qh3 Bf2 23. Rf1 Bh4 24. g3 Rxc3 25. Rxc3 Ne4 26. gxh4 Nxd2 27. Rfc1 b5 28. Qd7 Nc4 29. axb5 Nb6 30. Qxf7+ Kh8 31. Rc7 1-0


[Site "https://www.chess.com"]

[Event "Titled Tuesday Blitz February 15 Late 2022"]
[White "Indjic, Aleksandar"]
[Black "Michelakos, Panagiotis"]
[WhiteFideId "911925"]
[BlackFideId "4216067"]
[WhiteElo "2616"]
[BlackElo "2140"]
[Result "0-1"]
[Round "08"]
[TimeControl "180+1"]
[Date "2022.02.15"]
[WhiteClock "0:00:20"]
[BlackClock "0:00:30"]

1. d4 d5 2. Nf3 c5 3. c4 e6 4. cxd5 exd5 5. Bg5 Be7 6. Bxe7 Nxe7 7. dxc5 Nbc6 8. Nbd2 O-O 9. g3 Qa5 10. Qc1 b6 11. cxb6 Qxb6 12. Bg2 Ba6 13. O-O Rfc8 14. Qb1 Rab8 15. b3 Bxe2 16. Re1 Bb5 17. Ng5 g6 18. Ndf3 Nf5 19. Bh3 Ncd4 20. Nxd4 Nxd4 21. Bxc8 Rxc8 22. Qd1 Qf6 23. f4 Rc2 24. Nf3 Nxf3+ 25. Qxf3 Qb6+ 26. Qe3 d4 27. Qe5 d3+ 28. Re3 Re2 0-1


[Site "https://www.chess.com"]

[Event "Titled Tuesday Blitz February 15 Late 2022"]
[White "Iskusnyh, Sergei"]
[Black "Moroni, Luca Jr"]
[WhiteFideId "4120027"]
[BlackFideId "865834"]
[WhiteElo "2492"]
[BlackElo "2573"]
[Result "0-1"]
[Round "08"]
[TimeControl "180+1"]
[Date "2022.02.15"]
[WhiteClock "0:01:33"]
[BlackClock "0:02:44"]

1. d4 d5 2. c4 dxc4 3. e3 Nf6 4. Bxc4 e6 5. Nf3 a6 6. O-O b5 7. Be2 Bb7 8. a4 b4 9. Nbd2 Nbd7 10. Nc4 c5 11. b3 Be7 12. Bb2 O-O 13. Rc1 Rc8 14. Bd3 h6 15. Qe2 Nd5 16. Rfd1 cxd4 17. Nxd4 Nc5 18. Bb1 Bf6 19. Qc2 g6 20. e4 Nc3 21. Bxc3 bxc3 22. Nxe6 Nxe6 23. Rxd8 Rfxd8 24. e5 Bg7 25. Qxc3 Nf4 26. Qg3 Ne2+ 0-1


[Site "https://www.chess.com"]

[Event "Titled Tuesday Blitz February 15 Late 2022"]
[White "Jaferian, Koosha"]
[Black "Lopez Idarraga, Daniel Eduardo"]
[WhiteFideId "12507440"]
[BlackFideId "4405501"]
[WhiteElo "2027"]
[BlackElo "1993"]
[Result "0-1"]
[Round "08"]
[TimeControl "180+1"]
[Date "2022.02.16"]
[WhiteClock "0:01:08"]
[BlackClock "0:01:19"]

1. Nf3 d5 2. b3 Bf5 3. Bb2 e6 4. g3 h6 5. Bg2 Nf6 6. O-O Be7 7. d3 O-O 8. Nbd2 Bh7 9. e3 c5 10. Qe2 Nc6 11. Ne1 b5 12. f4 a5 13. a4 bxa4 14. Rxa4 Nd7 15. e4 Nb6 16. Ra1 a4 17. exd5 exd5 18. Nef3 c4 19. bxc4 dxc4 20. Nxc4 Nxc4 21. dxc4 Qb6+ 22. Kh1 Qxb2 23. Ne5 Nxe5 24. Bxa8 Rxa8 25. fxe5 Qb7+ 26. Kg1 Bc5+ 27. Rf2 a3 28. e6 fxe6 29. Qxe6+ Kh8 30. Qd5 Qxd5 31. cxd5 a2 32. c4 Bd3 0-1


[Site "https://www.chess.com"]

[Event "Titled Tuesday Blitz February 15 Late 2022"]
[White "Janaszak, Dawid"]
[Black "Hess, Robert"]
[WhiteFideId "1119206"]
[BlackFideId "2022036"]
[WhiteElo "2199"]
[BlackElo "2557"]
[Result "0-1"]
[Round "08"]
[TimeControl "180+1"]
[Date "2022.02.15"]
[WhiteClock "0:00:07"]
[BlackClock "0:00:05"]

1. e4 g6 2. Nc3 Bg7 3. h4 h6 4. Bc4 e6 5. d4 a6 6. h5 g5 7. f4 b5 8. Bb3 Bb7 9. fxg5 b4 10. gxh6 Nxh6 11. Na4 Bxe4 12. Nf3 Nc6 13. Nc5 Bxf3 14. Qxf3 Nxd4 15. Qe4 d5 16. Qd3 Qd6 17. Ba4+ Kf8 18. Nd7+ Kg8 19. Be3 Qg3+ 20. Kf1 Nhf5 21. Bf2 Qxd3+ 22. cxd3 Nb5 23. g4 Nfd6 24. g5 Bxb2 25. Rb1 Bc3 26. d4 Ne4 27. Be3 Ng3+ 28. Kg2 Nxh1 29. Rxh1 Bxd4 30. Nf6+ Bxf6 31. gxf6 Nc3 32. Bc6 Rd8 33. Bd4 Nb5 34. Bc5 Kh7 35. Be7 Rdg8+ 36. Kf3 Rg5 37. h6 Nd4+ 38. Kf4 Rf5+ 39. Kg4 Nxc6 0-1


[Site "https://www.chess.com"]

[Event "Titled Tuesday Blitz February 15 Late 2022"]
[White "Jimenez Fernandez, Rebeca"]
[Black "Stanisz, Patryk"]
[WhiteFideId "32070934"]
[BlackFideId "1123106"]
[WhiteElo "1853"]
[BlackElo "1876"]
[Result "1/2-1/2"]
[Round "08"]
[TimeControl "180+1"]
[Date "2022.02.16"]
[WhiteClock "0:00:19"]
[BlackClock "0:00:52"]

1. e4 c5 2. Nc3 Nc6 3. g3 g6 4. Bg2 Bg7 5. d3 Rb8 6. Be3 d6 7. Qd2 b5 8. Nge2 b4 9. Nd1 a5 10. O-O a4 11. d4 cxd4 12. Nxd4 Bb7 13. Nxc6 Bxc6 14. Bd4 e5 15. Be3 Ne7 16. f4 exf4 17. Bxf4 Be5 18. Ne3 O-O 19. Nd5 Bxd5 20. exd5 Qb6+ 21. Kh1 Bxb2 22. Rab1 Bg7 23. a3 b3 24. cxb3 axb3 25. Bh6 Nf5 26. Rxf5 gxf5 27. Bxg7 Kxg7 28. Qg5+ Kh8 29. Qf6+ Kg8 30. Qg5+ Kh8 31. Qf6+ Kg8 32. Qg5+ Kh8 1/2-1/2


[Site "https://www.chess.com"]

[Event "Titled Tuesday Blitz February 15 Late 2022"]
[White "Jobava, Baadur"]
[Black "Erdogdu, Mert"]
[WhiteFideId "13601520"]
[BlackFideId "6301495"]
[WhiteElo "2617"]
[BlackElo "2485"]
[Result "1-0"]
[Round "08"]
[TimeControl "180+1"]
[Date "2022.02.15"]
[WhiteClock "0:00:22"]
[BlackClock "0:00:06"]

1. b3 g6 2. Bb2 Nf6 3. g3 Bg7 4. Bg2 c5 5. c4 O-O 6. Nf3 Nc6 7. O-O d6 8. d4 cxd4 9. Nxd4 Bd7 10. Nc3 Qa5 11. e3 Rfc8 12. Re1 a6 13. Rc1 Rab8 14. h3 Ne5 15. f4 Nc6 16. Kh2 Qd8 17. a4 Na5 18. e4 Be8 19. e5 dxe5 20. fxe5 Nh5 21. Qd2 Nc6 22. Bxc6 bxc6 23. Rcd1 c5 24. Nf3 Qxd2+ 25. Nxd2 e6 26. Ba3 Rb7 27. Rb1 Rd7 28. Nf1 Rd3 29. Ne4 Bxe5 30. Nxc5 Bxg3+ 31. Nxg3 Rxg3 32. Ne4 Rf3 33. Rf1 Rxf1 34. Rxf1 Bc6 35. Nd6 Rb8 36. b4 Bxa4 37. Nxf7 Bb3 38. Ne5 Rd8 39. Rf2 Rd1 40. Bb2 Rb1 41. Ng4 h6 42. Nxh6+ Kh7 43. Ng4 Bxc4 44. Rf7+ Kg8 45. Nh6# 1-0


[Site "https://www.chess.com"]

[Event "Titled Tuesday Blitz February 15 Late 2022"]
[White "Josse, Mark"]
[Black "Papayan, Oleg"]
[WhiteFideId "414476"]
[BlackFideId "4193911"]
[WhiteElo "2278"]
[BlackElo "2038"]
[Result "0-1"]
[Round "08"]
[TimeControl "180+1"]
[Date "2022.02.16"]
[WhiteClock "0:00:15"]
[BlackClock "0:00:14"]

1. e4 e5 2. Nf3 Nc6 3. d4 exd4 4. Nxd4 Qh4 5. Nc3 Bb4 6. Be2 Qxe4 7. Nb5 Bxc3+ 8. bxc3 Kd8 9. O-O Nf6 10. Re1 Qd5 11. Bd3 a6 12. c4 Qh5 13. Be2 Qe5 14. Rb1 axb5 15. Bb2 Qd6 16. Qxd6 cxd6 17. cxb5 Ne5 18. a3 Re8 19. c4 b6 20. f4 Ng6 21. Bf3 Rxe1+ 22. Rxe1 Ra4 23. Bd4 Kc7 24. Bxf6 gxf6 25. Bd5 Nxf4 26. Bxf7 Ne6 27. Re4 d5 28. Rh4 dxc4 29. Rxh7 Kd6 30. Rh4 Bb7 31. Bxe6 dxe6 32. Rg4 f5 33. Rg3 Be4 34. h4 f4 35. Rg4 e5 36. h5 c3 37. h6 c2 38. Kh2 c1=Q 39. Rg7 Ra8 40. h7 Rh8 41. a4 Rxh7+ 42. Rxh7 Bxh7 43. a5 bxa5 44. b6 Kc6 45. b7 Kxb7 46. Kh3 Qe3+ 47. Kh4 Qg3+ 48. Kh5 Bg6+ 49. Kh6 Qxg2 50. Kg7 f3 51. Kf6 f2 52. Kxe5 f1=Q 53. Kd4 Qd2+ 54. Ke5 Qff4+ 55. Ke6 Qdd6# 0-1


[Site "https://www.chess.com"]

[Event "Titled Tuesday Blitz February 15 Late 2022"]
[White "KND2020"]
[Black "Miszler, Levente"]
[BlackFideId "763276"]
[WhiteElo "2541"]
[BlackElo "1966"]
[Result "0-1"]
[Round "08"]
[TimeControl "180+1"]
[Date "2022.02.16"]
[WhiteClock "0:00:06"]
[BlackClock "0:00:10"]

1. e4 e6 2. d4 d5 3. Nc3 Nf6 4. Bg5 Be7 5. e5 Nfd7 6. Bxe7 Qxe7 7. f4 a6 8. Nf3 c5 9. Qd2 Nc6 10. dxc5 Nxc5 11. O-O-O b5 12. Kb1 O-O 13. Bd3 f6 14. exf6 Qxf6 15. Ng5 g6 16. Rhf1 Rb8 17. h4 Na4 18. Nxa4 bxa4 19. c3 a3 20. b3 a5 21. h5 a4 22. b4 d4 23. hxg6 dxc3 24. Qf2 Rxb4+ 25. Kc1 Rb2 26. Qh4 Qg7 27. Qxh7+ Qxh7 28. Nxh7 Nb4 29. Bc4 c2 30. Rd4 Rb1+ 31. Kd2 Rxf1 32. Bxf1 e5 33. Bc4+ Kg7 34. Nxf8 exd4 35. Ne6+ Bxe6 36. Bxe6 Kxg6 37. g4 d3 38. Bc4 Kf6 39. f5 Kg5 40. Bb5 Nxa2 41. Bc4 c1=Q+ 42. Kxd3 Qc3+ 43. Ke4 Qxc4+ 44. Ke5 Qxg4 45. Ke6 Qxf5+ 46. Kd6 0-1


[Site "https://www.chess.com"]

[Event "Titled Tuesday Blitz February 15 Late 2022"]
[White "Kalajzic, Ivan"]
[Black "Fiorito, Fabian"]
[WhiteFideId "14506378"]
[BlackFideId "100200"]
[WhiteElo "2163"]
[BlackElo "2395"]
[Result "0-1"]
[Round "08"]
[TimeControl "180+1"]
[Date "2022.02.16"]
[WhiteClock "0:00:11"]
[BlackClock "0:00:20"]

1. d4 d5 2. Nc3 Nf6 3. Bg5 e6 4. e4 Be7 5. e5 Nfd7 6. h4 h6 7. Bxe7 Qxe7 8. Qg4 Kf8 9. a3 c5 10. dxc5 Nxe5 11. Qg3 Ned7 12. b4 a5 13. Rb1 b6 14. cxb6 axb4 15. axb4 Nxb6 16. Nf3 Nc6 17. b5 Nb4 18. Bd3 Qc5 19. Ne2 Bd7 20. O-O Rc8 21. Ne5 Be8 22. Nf4 Qc7 23. Neg6+ Kg8 24. Nxh8 Nxd3 25. Nxd3 Kxh8 26. Qxc7 Rxc7 27. Rfc1 f6 28. Nb4 Bxb5 29. Nxd5 Nxd5 30. Rxb5 Kh7 31. c4 Nf4 32. Rb2 Nd3 33. Rbc2 Nxc1 34. Rxc1 Rc5 35. g3 Kg6 36. Kf1 Kf5 37. Ke2 Ke4 38. f3+ Kd4 39. Rd1+ Kxc4 40. Rd7 Re5+ 41. Kf2 g5 42. hxg5 hxg5 43. f4 Rf5 44. Ke3 Kc5 45. Rd1 Rd5 46. Ra1 Kd6 47. Ra7 Rc5 48. Rf7 gxf4+ 49. gxf4 f5 50. Ra7 Rc3+ 51. Ke2 Rh3 52. Ra5 Rc3 53. Kf2 Rc5 54. Ra7 Kd5 55. Re7 Rc4 56. Kg3 Re4 57. Rd7+ Kc5 58. Rd2 Rd4 59. Rf2 Kd5 60. Kh4 Ke4 61. Kg5 Rd3 62. Re2+ Re3 63. Rb2 Rg3+ 64. Kf6 Kxf4 65. Kxe6 Kg4 66. Rf2 Re3+ 67. Kf6 f4 68. Rg2+ Kf3 69. Rg8 Ra3 70. Kf5 Ra5+ 71. Ke6 Kf2 72. Rb8 f3 73. Rb2+ Kg3 74. Rb5 Rxb5 0-1


[Site "https://www.chess.com"]

[Event "Titled Tuesday Blitz February 15 Late 2022"]
[White "Karttunen, Mika"]
[Black "Senthil Maran K"]
[WhiteFideId "502081"]
[BlackFideId "25035681"]
[WhiteElo "2343"]
[BlackElo "2194"]
[Result "1/2-1/2"]
[Round "08"]
[TimeControl "180+1"]
[Date "2022.02.16"]
[WhiteClock "0:00:20"]
[BlackClock "0:00:33"]

1. d4 d5 2. c4 e6 3. Nc3 c6 4. e4 dxe4 5. Nxe4 Bb4+ 6. Bd2 Qxd4 7. Bxb4 Qxe4+ 8. Be2 Na6 9. Bc3 f6 10. Nf3 Ne7 11. O-O O-O 12. Bd3 Qg4 13. h3 Qh5 14. b4 e5 15. Be2 Qf7 16. Re1 Be6 17. Nd2 Rfd8 18. Qc2 Nf5 19. c5 Nd4 20. Bxd4 Rxd4 21. Bxa6 bxa6 22. a3 Rad8 23. Ne4 Bf5 24. f3 Qg6 25. Qb3+ Qf7 26. Qxf7+ Kxf7 27. Nd6+ Ke6 28. Re2 h5 29. Kf2 h4 30. Rb2 Bd3 31. Rd1 Bb5 32. Rxd4 exd4 33. Rb1 Kd5 34. Ke1 a5 35. Kd2 axb4 36. Rxb4 Kxc5 37. Ne4+ Kb6 38. a4 Ka5 39. Rb1 Kxa4 40. Nc5+ Ka3 41. Rb3+ Ka2 42. Kc1 Bc4 43. Rb4 Bb5 44. Rb2+ Ka3 45. Rb3+ Ka2 46. Rb2+ Ka3 47. Rb3+ Ka2 48. Rb2+ 1/2-1/2


[Site "https://www.chess.com"]

[Event "Titled Tuesday Blitz February 15 Late 2022"]
[White "Khater, Sherif"]
[Black "Aradhya, Garg"]
[WhiteFideId "2034280"]
[BlackFideId "25006746"]
[WhiteElo "2558"]
[BlackElo "2169"]
[Result "0-1"]
[Round "08"]
[TimeControl "180+1"]
[Date "2022.02.16"]
[WhiteClock "0:00:15"]
[BlackClock "0:00:50"]

1. b3 e5 2. Bb2 Nc6 3. e3 d5 4. Bb5 Ne7 5. Bxe5 a6 6. Bxc6+ Nxc6 7. Bb2 Qg5 8. Nf3 Qxg2 9. Rg1 Qh3 10. Rg3 Qh5 11. Nc3 f6 12. Qe2 Be6 13. O-O-O O-O-O 14. Nd4 Qxe2 15. Ncxe2 Nxd4 16. Nxd4 Bd7 17. f4 g6 18. f5 Bd6 19. Rf3 Be5 20. Ne6 Bxb2+ 21. Kxb2 Bxe6 22. fxe6 f5 23. h4 Rd6 24. h5 Rxe6 25. Rh1 Rhe8 26. hxg6 hxg6 27. Rh7 R6e7 28. Rh6 Re6 29. Rg3 Rg8 30. Rg5 Kd7 31. Rh7+ Re7 32. Rh6 Reg7 33. Kc3 Ke6 34. Kd4 b6 35. b4 Kf6 36. Rg2 c6 37. a4 Re7 38. d3 a5 39. bxa5 bxa5 40. Rg3 Re6 41. Kc5 Kg7 42. Rgh3 Rge8 43. Rh7+ Kf6 44. Rc7 Rxe3 45. Rxc6+ Kg5 46. Rh1 Rg3 47. Kxd5 f4 48. Rf1 f3 49. Rc5 Re2 50. c4 f2 51. Rxa5 Rg1 52. Kd4+ Kg4 53. Rxf2 Rxf2 54. Ra6 g5 55. a5 Ra1 56. Kc5 Rf5+ 57. Kb4 Kf4 58. d4 g4 59. d5 g3 60. Rg6 Rg5 61. Rxg5 Kxg5 62. d6 g2 63. d7 Rd1 64. a6 Rxd7 65. a7 Rxa7 0-1


[Site "https://www.chess.com"]

[Event "Titled Tuesday Blitz February 15 Late 2022"]
[White "Kobo, Ori"]
[Black "Al Mukhaini, Shima"]
[WhiteFideId "2812320"]
[BlackFideId "22005854"]
[WhiteElo "2420"]
[BlackElo "2402"]
[Result "1-0"]
[Round "08"]
[TimeControl "180+1"]
[Date "2022.02.16"]
[WhiteClock "0:00:08"]
[BlackClock "0:00:06"]

1. d4 Nf6 2. c4 Nc6 3. Nc3 e5 4. d5 Nb8 5. e4 Bb4 6. Bd3 Bxc3+ 7. bxc3 d6 8. Ne2 h6 9. f3 a5 10. g4 Na6 11. h4 Nc5 12. Ng3 g6 13. g5 Ng8 14. gxh6 Nxh6 15. Bg5 f6 16. Be3 Qe7 17. Bc2 Bd7 18. Bxc5 dxc5 19. Rb1 b6 20. h5 g5 21. Ba4 Qd6 22. Nf1 Bxa4 23. Qxa4+ Qd7 24. Qxd7+ Kxd7 25. Ne3 Rh7 26. Kf2 Nf7 27. Rh3 Rah8 28. Rbh1 Nh6 29. Ke2 Kd6 30. Kd3 Rg8 31. Ng4 Rf8 32. Rg1 Ke7 33. Ne3 Kd6 34. Nc2 Kd7 35. a4 Nf7 36. Ne3 Nh6 37. Ng4 Ke7 38. Rb1 Kd6 39. Rg1 Ke7 40. Ne3 Kd7 41. Rh2 Ke7 42. Ke2 Kd7 43. Ke1 Ke7 44. Rgh1 Kd7 45. Rd2 Kd6 46. Rg2 Kd7 47. Ke2 Kd6 48. Ng4 Ke7 49. Rgh2 Kd6 50. Rg1 Rff7 51. Kd3 Rf8 52. Ne3 Rff7 53. Nc2 Rf8 54. Na3 Kd7 55. Nb5 Nf7 56. Ke3 Rfh8 57. Rgh1 Nd6 58. Na3 Rh6 59. Kd3 Ke7 60. Nc2 Nf7 61. Ne3 Nd6 62. Ng4 Kf7 63. Nxh6+ Rxh6 64. Rh3 Ke7 65. Rg1 Nf7 66. Rg4 Kd6 67. Rg2 Ke7 68. Ke3 Nd6 69. Rhh2 Nxc4+ 70. Kd3 Nd6 71. c4 Kf7 72. Rb2 Kg7 73. Rh1 Rh8 74. Rbh2 Kh6 75. Rg2 Rf8 76. Rf2 Rf7 77. Rg2 Re7 78. Rg4 Re8 79. Rg2 Rd8 80. Rgg1 Rh8 81. Rh2 Ne8 82. Ke3 Nd6 83. Kd3 Nf7 84. Rhh1 Re8 85. Rh2 Rf8 86. Rhh1 Nd6 87. Rh3 Ne8 88. Rhh1 Ng7 89. Rh3 Rh8 90. Rgh1 Rd8 91. Ke3 Ne8 92. Rd1 Nd6 93. Kd3 Rg8 94. Rg1 Rf8 95. Rh2 f5 96. exf5 Rxf5 97. Rh3 Rf4 98. Rg4 e4+ 99. Kd2 Nxc4+ 100. Ke1 Nd6 101. Rxf4 gxf4 102. fxe4 Nxe4 103. Rh4 Kg5 104. h6 Kxh4 105. h7 Kg3 106. h8=Q Kf3 107. Qe5 Ke3 108. Qxc7 f3 109. Qe7 f2+ 110. Kf1 Kf3 111. Qf7+ Ke3 112. Qe6 Kf3 113. Qf5+ Ke3 114. Qe5 Kf3 115. Qf5+ Ke3 116. Qe6 Kf3 117. Qf7+ Ke3 118. Kg2 Ke2 119. Qf3+ Ke1 120. Qe3+ Kd1 121. Qxe4 f1=Q+ 122. Kxf1 Kd2 123. d6 Kc3 124. d7 c4 125. d8=Q Kb3 126. Qxb6+ Ka3 127. Qc5+ Kxa4 128. Qexc4# 1-0


[Site "https://www.chess.com"]

[Event "Titled Tuesday Blitz February 15 Late 2022"]
[White "Komissarov, Alexey"]
[Black "Qashashvili, Alexandre"]
[WhiteFideId "4176545"]
[BlackFideId "13600842"]
[WhiteElo "2216"]
[BlackElo "2316"]
[Result "0-1"]
[Round "08"]
[TimeControl "180+1"]
[Date "2022.02.16"]
[WhiteClock "0:00:01"]
[BlackClock "0:00:31"]

1. e4 c6 2. d4 d5 3. exd5 cxd5 4. Nf3 Nc6 5. Ne5 Nf6 6. Bb5 Bd7 7. Nxd7 Qxd7 8. c3 e6 9. Bf4 Bd6 10. Bxd6 Qxd6 11. Nd2 a6 12. Bxc6+ bxc6 13. O-O O-O 14. b4 e5 15. dxe5 Qxe5 16. Nf3 Qxc3 17. Qd4 Ne4 18. Rac1 Qa3 19. Rxc6 Qxa2 20. Ra1 Qb3 21. h3 Rab8 22. Rcxa6 Rxb4 23. Qe5 Qb2 24. Ra8 Qxe5 25. Nxe5 Rbb8 26. Rxb8 Rxb8 27. Nc6 Re8 28. Ne7+ Kf8 29. Nxd5 g6 30. Ne3 Kg7 31. Re1 Nf6 32. Kf1 Ra8 33. Nc4 Ra2 34. Ne3 Ne4 35. Re2 Ra1+ 36. Re1 Ra2 37. Re2 Ra4 38. Rc2 Ra7 39. Re2 Ra6 0-1


[Site "https://www.chess.com"]

[Event "Titled Tuesday Blitz February 15 Late 2022"]
[White "Kostiukov, Alexandr"]
[Black "Araujo Filho, Luiz Antonio Coel"]
[WhiteFideId "14108100"]
[BlackFideId "2130661"]
[WhiteElo "2202"]
[BlackElo "2205"]
[Result "0-1"]
[Round "08"]
[TimeControl "180+1"]
[Date "2022.02.16"]
[WhiteClock "0:00:03"]
[BlackClock "0:00:11"]

1. g3 f5 2. Bg2 Nf6 3. c4 g6 4. Nf3 Bg7 5. O-O O-O 6. d4 d6 7. Nc3 Nc6 8. d5 Na5 9. Qd3 c5 10. dxc6 Nxc6 11. b3 Nb4 12. Qd2 a5 13. Bb2 Rb8 14. Nd4 Bd7 15. Nd5 Nbxd5 16. cxd5 Qb6 17. Rac1 Rfc8 18. Qe3 Bf8 19. Ne6 Qxe3 20. fxe3 Bxe6 21. dxe6 Bh6 22. Bxf6 exf6 23. Kf2 Kf8 24. Rxc8+ Rxc8 25. Bxb7 Rc3 26. Rd1 Bxe3+ 27. Kg2 Ke7 28. Bd5 Rc2 29. Kf3 Bc5 30. a4 g5 31. h3 h5 32. g4 fxg4+ 33. hxg4 h4 34. Rh1 Rc3+ 0-1


[Site "https://www.chess.com"]

[Event "Titled Tuesday Blitz February 15 Late 2022"]
[White "Kraus, Tomas"]
[Black "Coelho, Ramyres Santana"]
[WhiteFideId "331708"]
[BlackFideId "2120690"]
[WhiteElo "2389"]
[BlackElo "1888"]
[Result "1-0"]
[Round "08"]
[TimeControl "180+1"]
[Date "2022.02.16"]
[WhiteClock "0:01:19"]
[BlackClock "0:00:08"]

1. e4 c5 2. Nc3 d6 3. d4 cxd4 4. Qxd4 Nc6 5. Qd2 Nf6 6. b3 a6 7. Bb2 e5 8. f3 Be6 9. g4 Be7 10. h4 O-O 11. O-O-O b5 12. Kb1 b4 13. Nd5 Bxd5 14. exd5 Na5 15. Bd3 Qb6 16. g5 Nd7 17. Ne2 Nc5 18. Ng3 Nxd3 19. Qxd3 Nb7 20. Nf5 Rfe8 21. Rdg1 Nc5 22. Qe2 a5 23. h5 a4 24. g6 fxg6 25. hxg6 h6 26. Qd2 Bg5 27. Rxg5 hxg5 28. Qxg5 axb3 29. Rh8+ Kxh8 30. Qh5+ Kg8 31. Qh7+ Kf8 32. Qh8# 1-0


[Site "https://www.chess.com"]

[Event "Titled Tuesday Blitz February 15 Late 2022"]
[White "Ladan, Nicholas"]
[Black "Cori T., Deysi"]
[WhiteFideId "30918855"]
[BlackFideId "3801934"]
[WhiteElo "2356"]
[BlackElo "2350"]
[Result "1-0"]
[Round "08"]
[TimeControl "180+1"]
[Date "2022.02.16"]
[WhiteClock "0:00:14"]
[BlackClock "0:00:42"]

1. d4 g6 2. c4 Bg7 3. Nf3 d6 4. g3 f5 5. Nc3 Nf6 6. Bg2 O-O 7. Qc2 c6 8. O-O Nbd7 9. Rd1 h6 10. e4 fxe4 11. Nxe4 Qe8 12. Re1 Nxe4 13. Qxe4 Nf6 14. Qxe7 Qd8 15. Bf4 Qa5 16. Bxd6 Rf7 17. Qe5 Qd8 18. Nh4 Kh7 19. Be7 Qd7 20. Bxf6 Bxf6 21. Qe4 Rg7 22. d5 c5 23. Rad1 Qd6 24. Bf1 Bd7 25. Bd3 Re8 26. Qf3 Rxe1+ 27. Rxe1 Bxh4 28. gxh4 Re7 29. Rxe7+ Qxe7 30. Qg3 Bf5 31. Bxf5 gxf5 32. d6 Qe1+ 33. Kg2 Qd2 34. Qe5 f4 35. Qf5+ Kg7 36. d7 Qd6 37. h5 f3+ 38. Kxf3 Qc6+ 39. Kg3 Qd6+ 40. Kg2 Qc6+ 41. Qd5 Qf6 42. d8=Q 1-0


[Site "https://www.chess.com"]

[Event "Titled Tuesday Blitz February 15 Late 2022"]
[White "Lavrik, Dmitry"]
[Black "Rosen, Eric"]
[WhiteFideId "24113190"]
[BlackFideId "2032562"]
[WhiteElo "2369"]
[BlackElo "2362"]
[Result "0-1"]
[Round "08"]
[TimeControl "180+1"]
[Date "2022.02.15"]
[WhiteClock "0:01:02"]
[BlackClock "0:00:33"]

1. e4 c5 2. Nf3 d6 3. d4 cxd4 4. Qxd4 a6 5. c4 Nc6 6. Qd2 g6 7. b3 Bh6 8. Qb2 Qa5+ 9. Bd2 Bxd2+ 10. Nbxd2 Nf6 11. a3 O-O 12. b4 Qh5 13. Be2 Bg4 14. O-O Rac8 15. Rfe1 Qh6 16. e5 dxe5 17. Nxe5 Nxe5 18. Qxe5 Qxd2 19. Qxe7 Bxe2 20. Rxe2 Qc3 21. Rae1 Rfe8 0-1


[Site "https://www.chess.com"]

[Event "Titled Tuesday Blitz February 15 Late 2022"]
[White "Lenderman, Aleksandr"]
[Black "Musovic, Armin"]
[WhiteFideId "2021285"]
[BlackFideId "939935"]
[WhiteElo "2651"]
[BlackElo "2250"]
[Result "1-0"]
[Round "08"]
[TimeControl "180+1"]
[Date "2022.02.15"]
[WhiteClock "0:02:36"]
[BlackClock "0:02:06"]

1. Nf3 Nf6 2. c4 c5 3. Nc3 Nc6 4. d4 cxd4 5. Nxd4 g6 6. e4 d6 7. Be2 Bg7 8. Be3 O-O 9. O-O Nxd4 10. Bxd4 h5 11. f3 Nd7 12. Bxg7 Kxg7 13. Qd4+ Kg8 14. Nd5 Re8 15. Rad1 a5 16. f4 a4 17. f5 Ne5 18. f6 Nc6 19. Qe3 Be6 20. Qh6 1-0


[Site "https://www.chess.com"]

[Event "Titled Tuesday Blitz February 15 Late 2022"]
[White "Levine, Joseph"]
[Black "Stoleriu, George"]
[WhiteFideId "30940346"]
[BlackFideId "1227505"]
[WhiteElo "1802"]
[BlackElo "2203"]
[Result "0-1"]
[Round "08"]
[TimeControl "180+1"]
[Date "2022.02.16"]
[WhiteClock "0:00:07"]
[BlackClock "0:00:20"]

1. e4 e6 2. d3 d5 3. Nd2 c5 4. Ngf3 Bd6 5. g3 Nc6 6. Bg2 Nge7 7. O-O O-O 8. Re1 Qc7 9. Qe2 f6 10. Nf1 d4 11. h4 e5 12. Kh2 Rb8 13. Bh3 b5 14. Bxc8 Qxc8 15. b3 c4 16. dxc4 bxc4 17. Qxc4+ Kh8 18. Bd2 Nb4 19. Qxc8 Rfxc8 20. Bxb4 Bxb4 21. Re2 Rc3 22. Ne1 Rbc8 23. a3 Bd6 24. Ra2 a5 25. a4 Nc6 26. Nd3 Nb4 27. Nxb4 Bxb4 28. Kg2 d3 29. cxd3 Rxb3 30. Rec2 Rbc3 31. Ne3 h5 32. Kf1 R8c5 33. Rxc3 Rxc3 34. Ke2 Rb3 35. Nd5 Bc5 36. Rc2 Bd4 37. Ra2 Kh7 38. f4 Rb1 39. f5 Rg1 40. Kf3 Rf1+ 41. Kg2 Rd1 42. Ra3 Rd2+ 43. Kh3 Bg1 44. g4 Kh6 45. Rb3 Bd4 46. Rb8 Rxd3+ 47. Kg2 g5 48. Rg8 Rd2+ 49. Kf1 Rf2+ 50. Ke1 hxg4 51. Rg6+ Kh5 52. Nxf6+ Kxh4 53. Rh6+ Kg3 54. Rh5 Rf4 55. Rxg5 Kf3 56. Rxg4 Rxg4 57. Nxg4 Kxg4 58. f6 Bc5 59. f7 Kg5 60. Ke2 Kg6 61. Kd3 Kxf7 62. Kc4 Bb4 63. Kd5 Kf6 64. Kc6 Kg5 65. Kd5 Kf4 66. Kc4 Kxe4 0-1


[Site "https://www.chess.com"]